 Dungeon Crawl Stone Soup version 0.28.0 (webtiles) character file.

Game seed: 14297502420572712598

55 ProzacElf the Slasher (level 3, -3/28 HPs)
             Began as a Vampire Chaos Knight on Feb 5, 2022.
             Was a Plaything of Xom.
             Slain by Crazy Yiuf (5 damage)
             ... on level 2 of the Dungeon.
             The game lasted 00:03:39 (1142 turns).

ProzacElf the Slasher (Vampire Chaos Knight)        Turns: 1142, Time: 00:03:39

Health: -3/28      AC:  6    Str: 13    XL:     3   Next: 67%
Magic:  3/3        EV: 13    Int: 14    God:    Xom [*.....]
Gold:   60         SH:  5    Dex: 19    Spells: 2/2 levels left

rFire   . . .      SeeInvis +   a - +0 falchion (chaos)
rCold   . . .      Faith    .   (no shield)
rNeg    . . .      Spirit   .   b - +2 leather armour
rPois   .          Reflect  +   l - +0 helmet
rElec   .          Harm     .   (no cloak)
rCorr   .          Rampage  .   (no gloves)
Will    .....                   (no boots)
Stlth   ++........              i - amulet of reflection
HPRegen 0.29/turn               j - +6 ring of dexterity
MPRegen 0.08/turn               (no ring)

@: lethally poisoned (-3 -> -7), healing quickly
A: alive, fangs 3, see invisible, vampiric 2
a: Exsanguinate, Renounce Religion


You were on level 2 of the Dungeon.
You worshipped Xom.
You were a special plaything of Xom.
You visited 1 branch of the dungeon, and saw 2 of its levels.

You collected 60 gold pieces.

Inventory:

Hand Weapons
 a - a +0 falchion of chaos (weapon)
Missiles
 c - 33 sling bullets
 e - 3 boomerangs (quivered)
 k - 4 javelins
Armour
 b - a +2 leather armour (worn)
 d - a +0 chain mail
 l - a +0 helmet (worn)
Jewellery
 i - an amulet of reflection (around neck)
 j - a +6 ring of dexterity (left hand)
Scrolls
 f - a scroll of identify {unknown}
 g - a scroll of enchant weapon {unknown}
 h - a scroll of immolation {unknown}


   Skills:
 - Level 2.6 Fighting
 + Level 3.6 Long Blades
 - Level 0.7 Armour
 + Level 3.1 Dodging
 + Level 3.0 Stealth


You had 2 spell levels left.
You didn't know any spells.
Your spell library was empty.

Dungeon Overview and Level Annotations

Branches:
Dungeon (2/15)

Altars:

Annotations:
D:2 Crazy Yiuf


Innate Abilities, Weirdness & Mutations

Your natural rate of healing is accelerated.
You have razor-sharp teeth.
You have supernaturally acute eyesight. (SInv)
You are afflicted with vampirism and can become a bat while bloodless.


Message History

Nay target in view!
Ye op'n tha door.
Found a helmet.
Thar be an op'n door 'ere.
Found a stone staircase leadin' down.
Ye see 'ere a +0 helmet.
l - a +0 helmet Ye start puttin' on yer armour.
Ye continue puttin' on yer +0 helmet. x4
Ye finish puttin' on yer +0 helmet.
Found a glowin' mace.
Found a run'd translucent door.
Crazy Yiuf shouts!
Crazy Yiuf grits, "Powder eyeball sin'!"
Ye op'n tha door.
Crazy Yiuf whimpers, "Ghoul illywillydillykilly ena!"
Crazy Yiuf hits ye wit' a +3 quarterstaff o' chaos.
Ye be poison'd.
Ye take 6 damage, an' haf 22/28 hp.
MASSIVE DAMAGE!!
Ye ar'n't carryin' any potions.
Ye hit Crazy Yiuf.
Ye drain Crazy Yiuf.
Crazy Yiuf be moderately wounded.
Ye feel very sick.
Ye block Crazy Yiuf's attack.
Ye take 3 damage, an' haf 19/28 hp.
Ye completely miss Crazy Yiuf.
Crazy Yiuf be moderately wounded.
Ye feel very sick.
Crazy Yiuf hits ye wit' a +3 quarterstaff o' chaos.
Ye convulse.
* * * LOW HITPOINT WARNIN'
* * * Ye take 14 damage, an' haf 5/28 hp.
MASSIVE DAMAGE!!
* * * LOW HITPOINT WARNIN'
* * * Ye feel sick.
Ye take 2 damage, an' haf 3/28 hp.
Ye ar'n't carryin' any potions.
Ye hit Crazy Yiuf.
Crazy Yiuf resists wit' some effort.
Crazy Yiuf be heavily wounded.
* * * LOW HITPOINT WARNIN'
* * * Ye feel sick.
Crazy Yiuf hits ye wit' a +3 quarterstaff o' chaos.
Ye die...

#. ### ##. #.. .. #.# #
#########.# # ###
###.#..#.##.#### #
#...##@.#.PP...>....###
#...'g####.......##..##
#)..### ##P#....###.##
### #####.####..# #.#
#...' ##.###.#.#
#......#.# ##........
########.


You could see Crazy Yiuf (drained).

Vanquished Creatures
  An adder (D:2)
  2 dart slugs (D:1)
  2 endoplasms (D:1)
  5 giant cockroaches
  5 goblins
  4 hobgoblins (D:1)
  3 jackals (D:1)
  3 ball pythons
  4 bats
  5 kobolds
  5 rats
39 creatures vanquished.

Vanquished Creatures (others)
  A fungus (D:2)
  A plant (D:1)
2 creatures vanquished.

Grand Total: 41 creatures vanquished

Notes
Turn   | Place    | Note
-------+----------+-------------------------------------------
     0 | D:1      | ProzacElf the Vampire Chaos Knight began the quest for the
                  | Orb.
     0 | D:1      | Reached XP level 1. HP: 17/17 MP: 1/1
    41 | D:1      | XOM: potion effect (invisibility)
    73 | D:1      | Reached skill level 1 in Stealth
   100 | D:1      | Reached XP level 2. HP: 23/23 MP: 2/2
   217 | D:1      | XOM: silly message
   412 | D:1      | Found a faded altar of an unknown god.
   495 | D:1      | Gained mutation: You are afflicted with vampirism and can
                  | become a bat while bloodless. [Vampire growth]
   495 | D:1      | Reached XP level 3. HP: 25/28 MP: 3/3
   588 | D:1      | XOM: divination: detect creatures
  1039 | D:2      | XOM: 9-stop teleportation journey
  1134 | D:2      | Found a runed translucent door.
  1135 | D:2      | Noticed Crazy Yiuf
  1142 | D:2      | Slain by Crazy Yiuf

Illustrated notes

Levels and vault maps discovered:
D:1:      psy_arrival_fountain, layout_basic, chequers_ecumenical_altar_lobes,
          serial_forest, infiniplex_forest_lined_1,
          infiniplex_forest_lined_3_way, infiniplex_forest_straight_2,
          infiniplex_forest_fountain, infiniplex_forest_lined_room_2,
          infiniplex_forest_clump_diagonal
D:2:      layout_basic, uniq_robin, uniq_crazy_yiuf_cottage

Skill      XL: |  1  2  3 |
---------------+----------+-----
Stealth        | 1 2 3 |  3.0
Dodging        | 3 |  3.1
Fighting       | |  2.6
Long Blades    | |  3.6
Armour         | |  0.7

Action                   || total
-------------------------++-------
Melee: Falchion          ||   103
       Bite              ||     7
 Stab: Sleeping          ||     2
       Invisible         ||     1
       Paralysed         ||     1
Armor: Leather armour    ||    38
Dodge: Dodged            ||    58
Block: Other             ||     7
